Cogmind - Beta 11 X7 @@@ ROGUE MODE // 2021.08.30 @ 01:25:33 Player: spruce Result: Destroyed by 8R-AWN with 8R-AWN's Boregun Performance ------------- Evolutions (0) 0 Regions Visited (3) 600 Robots Destroyed (25) 125 Value Destroyed (464) 464 Prototype IDs (0) 0 Alien Tech Used (0) 0 Bonus (-489) -489 TOTAL SCORE: 700 Bonus ------- Friendly Fire -489 Cogmind --------- Core Integrity 0/250 Matter 200/300 Energy 28/250 System Corruption 0% Temperature Cool (2) Movement Treading (360) Ox2 Location -10/Exiles Parts ------- > --- POWER (1) -------- Ion Engine > --- PROPULSION (2) --- Light Treads Light Treads > --- UTILITY (2) ------ Cooling System Huge Storage Unit > --- WEAPON (2) ------- Spread Laser Spread Laser > --- INVENTORY (25) --- Ion Engine Light Treads Light Treads Compact Wheel Compact Wheel Improved Heat Sink Cooling System Large Storage Unit Large Storage Unit Humpback Humpback Large Battery (200) Large Matter Pod (150) Targeting Computer Armor Integrity Analyzer Spread Laser Spread Laser Grenade Launcher Peak State ------------ > --- POWER ------------ Ion Engine > --- PROPULSION ------- Light Treads Compact Wheel > --- UTILITY ---------- Huge Storage Unit Armor Integrity Analyzer > --- WEAPON ----------- Small Laser Spread Laser > --- INVENTORY -------- Ion Engine Light Treads Light Treads Light Treads Light Treads Light Treads Compact Wheel Compact Wheel Improved Heat Sink Cooling System Cooling System Small Storage Unit Large Storage Unit Large Storage Unit Large Matter Pod Targeting Computer Armor Integrity Analyzer EM Pulse Gun EM Pulse Gun Spread Laser Spread Laser Spread Laser Grenade Launcher Grenade Launcher [Rating: 12] Favorites ----------- Power Ion Engine Engine Ion Engine Propulsion Compact Wheel Treads Light Treads Wheel Compact Wheel Utility Huge Storage Unit Device Cooling System Storage Huge Storage Unit Processor Targeting Computer Weapon Small Laser Energy Gun Small Laser Ballistic Gun Assault Rifle Launcher Grenade Launcher Build | -11 -10 -10 -10 ------- Run | Scr Mat Min Exi Slots Evolved . | . . . . Power . | . . . . Propulsion . | . . . . Utility . | . . . . Weapon . | . . . . Parts Attached 27 | 6 6 5 10 Power 3 | 1 . 2 . Engine 3 | 1 . 2 . Core . | . . . . Reactor . | . . . . Propulsion 8 | 2 2 2 2 Treads 5 | . 2 1 2 Leg . | . . . . Wheel 3 | 2 . 1 . Hover . | . . . . Flight . | . . . . Utility 5 | 1 2 . 2 Device 1 | . . . 1 Storage 2 | 1 1 . . Processor 2 | . 1 . 1 Hackware . | . . . . Protection . | . . . . Artifact . | . . . . Weapon 11 | 2 2 1 6 Energy Gun 7 | . 1 1 5 Energy Cannon . | . . . . Ballistic Gun 3 | 2 1 . . Ballistic Cannon . | . . . . Launcher 1 | . . . 1 Special Weapon . | . . . . Impact Weapon . | . . . . Slashing Weapon . | . . . . Piercing Weapon . | . . . . Special Melee Weapon . | . . . . Unidentified Prototypes . | . . . . Parts Lost 9 | . 2 3 4 Power 1 | . . 1 . Propulsion 3 | . 1 1 1 Utility . | . . . . Weapon 5 | . 1 1 3 Highest Loss Streak 4 | . 2 3 4 Average Slot Usage (%) 99 | . 97 100 99 Engine 14 | . 14 14 14 Treads 12 | . 5 16 14 Wheel 15 | . 22 11 13 Storage 14 | . 14 14 14 Processor 13 | . 12 14 13 Energy Gun 20 | . 5 27 27 Ballistic Gun 7 | . 22 . . Naked Turns . | . . . . Heaviest Build 94 | 14 94 89 89 Greatest Support 40 | 32 32 40 16 Greatest Overweight (x) 5 | 1 5 5 5 Average Overweight (x) 4 | . 3 4 5 Largest Inventory Capacity 25 | 8 25 25 25 Average Capacity 24 | 6 24 25 25 Most Carried 25 | 4 25 25 25 Average Carried 20 | 2 13 24 24 Final Capacity 25 | 8 25 25 25 Final Carried 25 | 4 24 25 20 Class Distribution -------------------- 100% | Mutant Dominant Class ---------------- Mutant | -10/Materials Mutant | -10/Mines Mutant | -10/Exiles Resources | -11 -10 -10 -10 ----------- Run | Scr Mat Min Exi Matter Collected 667 | 185 258 214 10 Remotely . | . . . . Salvage Created 815 | . 497 295 23 Parts 52 | . 29 23 . Haulers Intercepted 2 | . 2 . . Recyclers Shooed . | . . . . Parts Field Recycled . | . . . . Retrieved Matter . | . . . . Parts Self-Destructed . | . . . . Prevented . | . . . . Kills | -11 -10 -10 -10 ------- Run | Scr Mat Min Exi Combat Hostiles Destroyed 20 | . 7 9 4 Guns 16 | . 7 9 . AOE 4 | . . . 4 Classes Destroyed 8 | . 6 1 1 Worker 1 | . . 1 . Builder 1 | . 1 . . Hauler 2 | . 2 . . Recycler 3 | . 1 2 . Watcher 2 | . 2 . . Swarmer 8 | . 3 5 . Grunt 8 | . 4 4 . Assembled 7 | . . . 7 Best Kill Streak 6 | . 6 3 4 Combat Bots Only 4 | . 3 3 4 Max Kills in Single Turn 3 | . 1 1 3 Gunslinging . | . . . . Exploded 2 | . . . 2 Melee . | . . . . Uniques/NPCs Destroyed . | . . . . Combat | -11 -10 -10 -10 -------- Run | Scr Mat Min Exi Damage Taken 1301 | . 326 393 582 Core 256 | . 29 41 186 Absorbed by Shields . | . . . . Core Remaining (%) 100 | 100 . . . Volleys Fired 77 | . 27 35 15 Largest 2 | . 2 2 2 Hottest 130 | . 60 105 130 Shots Fired 120 | . 53 41 26 Gun 117 | . 53 41 23 Cannon . | . . . . Launcher 3 | . . . 3 Special . | . . . . Kinetic 54 | . 51 3 . Thermal 46 | . 2 38 6 Explosive 3 | . . . 3 Electromagnetic 17 | . . . 17 Robot Hit Streak 17 | . 6 17 4 Robot Miss Streak 5 | . 2 5 3 Penetration Max . | . . . . Secondary Targets 3 | . 2 1 . Max Gunslinging Chain 1 | . 1 1 . Shots Hit Robots 92 | . 35 41 16 Core Hits 84 | . 23 47 14 Critical Kills . | . . . . Critical Parts Destroyed . | . . . . Critical Strikes . | . . . . Melee Attacks . | . . . . Impact . | . . . . Slashing . | . . . . Piercing . | . . . . Sneak Attacks . | . . . . Combat Hostiles . | . . . . Follow-up Attacks . | . . . . Damage Inflicted 1380 | . 437 541 402 Guns 1001 | . 437 541 23 Cannons . | . . . . Explosions 379 | . . . 379 Melee . | . . . . Ramming . | . . . . Kinetic 451 | . 413 38 . Thermal 534 | . 24 503 7 Explosive 375 | . . . 375 Electromagnetic 20 | . . . 20 Impact . | . . . . Slashing . | . . . . Piercing . | . . . . Highest Corruption . | . . . . Average Corruption . | . . . . Corruption Purged . | . . . . Overload Shots . | . . . . Overflow Damage . | . . . . Projectiles . | . . . . Explosions . | . . . . Melee . | . . . . Knockbacks . | . . . . Impact . | . . . . Kinetic . | . . . . Secondary . | . . . . Self-Inflicted Damage 24 | . . . 24 Shots 1 | . . . 1 Rammed . | . . . . Targets Rammed . | . . . . Kicked . | . . . . Crushed . | . . . . Highest Temperature 329 | . 20 329 2 Average Temperature 81 | . 9 94 1 Received Heat Transfer 360 | . 174 186 . Siege Activations . | . . . . Robots Corrupted . | . . . . Combat Hostiles . | . . . . Parts Fried . | . . . . Impact Corruptions . | . . . . Robots Melted . | . . . . Combat Hostiles . | . . . . Parts Melted . | . . . . Heat Transferred 770 | . 50 690 30 Parts Sabotaged . | . . . . Parts Stolen . | . . . . Parts Stripped . | . . . . Power Chain Reactions 1 | . . . 1 Missiles Intercepted . | . . . . Alert | -11 -10 -10 -10 ------- Run | Scr Mat Min Exi Peak Influence 125 | . 124 125 . Initial . | . . . . Average 53 | . 58 52 . Maximum Alert Level . | . . . . Low Security (%) 100 | 100 100 100 . Level 1 . | . . . . Level 2 . | . . . . Level 3 . | . . . . Level 4 . | . . . . Level 5 . | . . . . High Security . | . . . . Max Security . | . . . . Squads Dispatched 1 | . 1 . . Investigation . | . . . . Extermination . | . . . . Reinforcement 1 | . 1 . . Assault . | . . . . Garrison . | . . . . Intercept . | . . . . Construction Impeded . | . . . . Haulers Reinforced . | . . . . Active Scanning Responses . | . . . . Cargo Convoy Interrupts . | . . . . Stealth | -11 -10 -10 -10 --------- Run | Scr Mat Min Exi Distress Signals 1 | . 1 . . Communications Jammed . | . . . . Distress Signals . | . . . . Times Spotted 29 | . 13 10 6 Peak Tracking Total 4 | . 4 3 4 Tactical Retreats 1 | . . 1 . Traps | -11 -10 -10 -10 ------- Run | Scr Mat Min Exi Traps Triggered 1 | . 1 . . Indirectly . | . . . . Trap Hack Attempts . | . . . . Triggered . | . . . . Disarmed . | . . . . Reprogrammed . | . . . . Reused . | . . . . Traps Extracted . | . . . . Installed . | . . . . Triggered . | . . . . Machines | -11 -10 -10 -10 ---------- Run | Scr Mat Min Exi Machines Disabled 3 | . . . 3 Max in Single Turn 1 | . . . 1 Machines Sabotaged . | . . . . Garrisons Compromised . | . . . . Overloaded Fab Kills . | . . . . Fab Network Shutdowns . | . . . . Hacking | -11 -10 -10 -10 --------- Run | Scr Mat Min Exi Machines Accessed 5 | . 4 . 1 Terminals 4 | . 4 . . Fabricators . | . . . . Repair Stations . | . . . . Recycling Units . | . . . . Scanalyzers . | . . . . Garrison Access . | . . . . Total Hacks 11 | . 10 . 1 Successful 5 | . 4 . 1 Failed 6 | . 6 . . Catastrophic 1 | . 1 . . Database Lockouts . | . . . . Manual 7 | . 7 . . Terminals 10 | . 10 . . Fabricators . | . . . . Repair Stations . | . . . . Recycling Units . | . . . . Scanalyzers . | . . . . Garrison Access . | . . . . Terminal Hacks 3 | . 2 . 1 Record 1 | . . . 1 Terminal Index 1 | . 1 . . Recycling Unit Index 1 | . 1 . . Fabricator Hacks . | . . . . Repair Station Hacks . | . . . . Recycling Unit Hacks . | . . . . Scanalyzer . | . . . . Garrison Access Hacks . | . . . . Unauthorized Hacks 2 | . 2 . . Terminals 2 | . 2 . . Botnet 2 | . 2 . . Fabricators . | . . . . Repair Stations . | . . . . Recycling Units . | . . . . Scanalyzers . | . . . . Garrison Access . | . . . . Data Cores Recovered . | . . . . Used . | . . . . Hacking Detections 3 | . 3 . . Full Trace Events . | . . . . Feedback Events . | . . . . Feedback Blocked . | . . . . Robot Schematics Acquired . | . . . . Robots Built . | . . . . Matter . | . . . . Time . | . . . . Total Robot Build Rating . | . . . . Part Schematics Acquired . | . . . . Parts Built . | . . . . Matter . | . . . . Time . | . . . . Total Part Build Rating . | . . . . Parts Repaired . | . . . . Time . | . . . . Parts Recycled . | . . . . Recycled Matter . | . . . . Retrieved Matter . | . . . . Retrieved Components . | . . . . Parts Scanalyzed . | . . . . Part Schematics Acquired . | . . . . Parts Damaged . | . . . . Bothacking | -11 -10 -10 -10 ------------ Run | Scr Mat Min Exi Used RIF Installer . | . . . . Robots Hacked . | . . . . Non-combat . | . . . . Combat . | . . . . Robot Hacks Applied . | . . . . Relay Couplers Released . | . . . . Robots Rewired . | . . . . Allies Hacked . | . . . . Hacks Repelled . | . . . . Allies | -11 -10 -10 -10 -------- Run | Scr Mat Min Exi Total Allies 2 | . . 2 . Largest Group 2 | . . 2 2 Highest-Rated Group 41 | . . 41 41 Highest-Rated Ally 31 | . . 31 31 Total Orders . | . . . . Ally Attacks . | . . . . Total Damage . | . . . . Kills . | . . . . Allies Corrupted . | . . . . Allies Melted . | . . . . Intel | -11 -10 -10 -10 ------- Run | Scr Mat Min Exi Robot Analysis Total . | . . . . Derelict Logs Recovered 1 | . . 1 . Drone Launches . | . . . . Drone Recoveries . | . . . . Exploration | -11 -10 -10 -10 ------------- Run | Scr Mat Min Exi Turns Passed 2947 | 65 892 1110 880 Spaces Moved 1566 | 54 521 524 467 Core 16 | 16 . . . Treads 39 | . . 39 . Legs . | . . . . Wheels 1511 | 38 521 485 467 Hover . | . . . . Flight . | . . . . Fastest Speed 50 | 50 100 175 175 Average Speed 167 | 96 146 188 175 Slowest Speed 360 | 100 175 360 175 Overloaded Moves . | . . . . Propulsion Burnouts . | . . . . Robots Hopped . | . . . . Cave-ins Triggered . | . . . . Exploration Rate (%) 65 | 3 87 98 74 Regions Visited 3 Branch Regions 2 Pre-discovered Areas 1 | . . . 1 Known Exits Taken . | . . . . Unknown Exits Taken 3 | 1 1 1 . Scrap Searched 3 | . . 3 . Spaces Dug . | . . . . Terrain Destroyed 13 | . . . 13 Melee . | . . . . Projectile . | . . . . AOE 13 | . . . 13 Terrain Rammed . | . . . . Walls Destroyed . | . . . . Machines Disabled . | . . . . Actions | -11 -10 -10 -10 --------- Run | Scr Mat Min Exi Total 1771 | 63 597 605 506 Wait 53 | . 19 34 . Move 1563 | 53 520 523 467 Hop . | . . . . Pick Up 39 | 4 23 6 6 Fast Attach 10 | 6 4 . . Attach 12 | . 2 5 5 Detach . | . . . . Swap 5 | . . . 5 Drop 12 | . 2 2 8 Fire 77 | . 27 35 15 Melee . | . . . . Ram . | . . . . Kick . | . . . . Crush . | . . . . Escape Stasis . | . . . . Rewire . | . . . . Trap . | . . . . Miscellaneous . | . . . . Route ------- -11/Scrapyard -10/Materials (discovered 4 exits: [*Mat x3] / [*Min]) -10/Mines (discovered 3 exits: [*Mat x2] / *Exi) -10/Exiles (discovered 1 exit: [*Min]) History --------- Turn | Location | Event 8 | -11/Scrapyard | Discovered new exit (range 15) 66 | -11/Scrapyard | Entered Materials 278 | -10/Materials | Discovered new exit (range 12) 304 | -10/Materials | Build established: Mutant 463 | -10/Materials | Discovered new exit (range 13) 685 | -10/Materials | Discovered new exit (range 16) 928 | -10/Materials | Discovered new exit (range 12) 958 | -10/Materials | Entered Mines 969 | -10/Mines | Learned Materials security intel 1044 | -10/Mines | Lost 3 parts (1p1n1w) 1465 | -10/Mines | Discovered new exit (range 8) 1597 | -10/Mines | Discovered new exit (range 8) 1727 | -10/Mines | Deemed a non-threat by the Exiles lab entrance 1728 | -10/Mines | Discovered new exit (range 5) 2068 | -10/Mines | Entered Exiles 2068 | -10/Exiles | Accompanied by 2 allies 2098 | -10/Exiles | Led the pair of lost Derelicts to a safe place 2100 | -10/Exiles | Discovered new exit (range 15) 2246 | -10/Exiles | Met 8R-AWN 2276 | -10/Exiles | Met EX-HEX 2358 | -10/Exiles | Met EX-DEC 2394 | -10/Exiles | Visited The Gauntlet 2601 | -10/Exiles | Learned location of Zion (-6) 2899 | -10/Exiles | Attacked by the Exiles 2929 | -10/Exiles | Core integrity fell below 50% 2937 | -10/Exiles | Core integrity fell below 20% 2948 | -10/Exiles | Destroyed by 8R-AWN with 8R-AWN's Boregun Last Messages --------------- 02917_ Penetrated by HV Slug. 02917_ HV Slug penetrates Wall. 02917_ Penetrated by HV Slug. 02919_ HV Slug penetrates Machine. 02919_ Penetrated by HV Slug. 02924_ Lgt. Treads destroyed. 02924_ Penetrated by HV Slug. 02928_ EM Pulse Gun destroyed. 02930_ Penetrated by HV Slug. 02930_ HV Slug penetrates Machine. 02933_ Penetrated by HV Slug. 02936_ Chain reaction triggered in Rnf. Fission Core. 02937_ Penetrated by HV Slug. 02939_ Critical hit (Destroy). 02939_ Sml. Laser destroyed. 02939_ Penetrated by HV Slug. 02942_ Machine disabled. 02944_ Penetrated by HV Slug. 02944_ EM Pulse Gun destroyed. 02944_ Penetrated by HV Slug. Map ----- +----------------------------------------------------+ | ?????????????????????????????????????????????????? | | ?????????????????????????????????????????????????? | | ?????????????????????????????????????????????????? | | ?????????????????????????????????????????????????? | | ?????????????????????????????????????????????????? | | ?????????????????????????????????????????????????? | | ?????????????????????????????????????????????????? | | ?????????????????????????????????????????????????? | | ?????????????????????????????????????????????????? | | ?????????????????????????????????????????????????? | | ?????????????????????????????????????????????????? | | ??? ?????????????????????????????????????????????? | | ? ?????????????????????????????????????????????? | | #????????????????????????????????????????????? | | ?????????;##????????????????????????????????? | | ??####"""" """"##???????????????????????????? | | " """ """"#???????????????????????????? | | " " #??????????????????????????? | | """#??????????????????????????? | | a"#???????????#####??????????? | | " "##?????????##" #??????????? | | "###???????#" #??????????? | | "" ""#??????##" ##?????????? | | #??? z "#????### ###???????? | | ????#""" ###### ######### | | ?????#""" @;; ;# #""""## | | ?????#"""" ;;# | | ????##"" g ## | | ?####"""" #### | | ##""" "#?#"""""#### | | """ #"""##?#######??#### | | ######??????????????## | | ##????????????????????? | | " ##?????????????????????? | | "" """ "#??????????????????????? | | ##""" " " ""#" % ##??????????????????????? | | ######""" """##" #???????????????????????? | | #????###""""##### # ????????????????????????? | | #??????######???# #####????????????????????????? | | "!#???????????????????????????????????????????? | | !#???????????????????????????????????????????? | | "#???????????????????????????????????????????? | | !""!"#???????????????????????????????????????????? | | ######???????????????????????????????????????????? | | ?????????????????????????????????????????????????? | | ?????????????????????????????????????????????????? | | ?????????????????????????????????????????????????? | | ?????????????????????????????????????????????????? | | ?????????????????????????????????????????????????? | | ?????????????????????????????????????????????????? | +----------------------------------------------------+ Best States ------------- Heat Dissipation 47 Energy Generation 10 Energy Capacity 250 Matter Stores 300 Matter Capacity 300 Sight Range 16 Terrain Scan Density 10 Evasion (%) 40 Targeting Accuracy 5 Armor Integrity Analysis 20 Recoil Reduction 2 Item Schematics ----------------- None Robot Schematics ------------------ None Fabricated ------------ Nothing Alien Tech Used ----------------- None Achievements -------------- None Challenges ------------ None Game ------ Seed LinearGrenadeGreatsword Manual? 0 Play Time 00:18:35 Cumulative 208.0 hours Start 2021.08.30 @ 01:10:56 End 2021.08.30 @ 01:25:33 Sessions 1 Manual Loads 0 Difficulty Rogue Special Mode None Game No. 259 Rogue 259 Adventurer 0 Explorer 0 Win Type - Total 11 Types 3/3/0/1/1/3/0/0/0 Lore% 91 Gallery% 89 Achievement% 73 Wizard Run 0 Options --------- ASCII 0 Keyboard 0 Movement Numpad Keybinds 0 Fullscreen 2 Font 24/Smallcaps Map View 76x50 Tactical HUD 1 Map Filters NONE Filters NONE Steam 1 RUN: a200a1ea-573a-4c49-948b-22f6df721088